 Dungeon Crawl Stone Soup version 0.28-a0-687-gb91baff9cc (webtiles) character file.

Game seed: 9862686813070591486

2774 ytrimaz the Cleaver (level 9, -1/124 HPs)
             Began as a Minotaur Berserker on Oct 19, 2021.
             Was a High Priest of Trog.
             Slain by a two-headed ogre (11 damage)
             ... on level 8 of the Dungeon.
             The game lasted 00:17:45 (9074 turns).

ytrimaz the Cleaver (Minotaur Berserker)            Turns: 9074, Time: 00:17:46

Health: -1/124     AC: 14    Str: 26    XL:     9   Next: 42%
Magic:  8/8        EV:  7    Int:  4    God:    Trog [*****.]
Gold:   27         SH:  0    Dex:  9    Spells: 8/8 levels left

rFire   . . .      SeeInvis +   A - +2 morningstar (holy)
rCold   . . .      Faith    .   (no shield)
rNeg    . . .      Spirit   .   z - +0 plate armour
rPois   .          Reflect  .   (helmet restricted)
rElec   .          Harm     .   (no cloak)
rCorr   .          Rampage  .   j - +0 pair of gloves
Will    .....                   c - +1 pair of boots
Stlth   ..........              (no amulet)
HPRegen 0.30/turn               l - ring of see invisible
MPRegen 0.11/turn               (no ring)

@: berserking (expiring), lethally poisoned (-1 -> -31), very quick
A: horns 2, retaliatory headbutt
a: Renounce Religion, Berserk, Trog's Hand, Brothers in Arms


You were on level 8 of the Dungeon.
You worshipped Trog.
Trog was extremely pleased with you.
You visited 2 branches of the dungeon, and saw 9 of its levels.
You also visited: Ossuary.

You collected 279 gold pieces.
You spent 252 gold pieces at shops.

Inventory:

Hand Weapons
 n - the +5 morningstar of Hacking and Slashing {flame, rC+ rN++ Int-5}
   (You bought it in a shop on level 5 of the Dungeon)

   It burns those it strikes, dealing additional fire damage.
   Int:       It affects your intelligence (-5).
   rC:        It protects you from cold.
   rN:        It greatly protects you from negative energy.
 p - a +4 battleaxe
 A - a +2 morningstar of holy wrath (weapon)
Missiles
 o - a throwing net (quivered)
Armour
 c - a +1 pair of boots (worn)
 j - a +0 pair of gloves (worn)
 z - a +0 plate armour (worn)
Jewellery
 f - a ring of magical power
 l - a ring of see invisible (left hand)
Wands
 d - a wand of charming (8)
Scrolls
 v - 2 scrolls of magic mapping
 w - 3 scrolls of teleportation
 y - 2 scrolls of noise
Potions
 b - 4 potions of flight
 e - a potion of haste {unknown}
 g - a potion of attraction {unknown}
 h - a potion of curing {unknown}
 i - a potion of magic {unknown}
 k - a potion of lignification {unknown}
 m - a potion of might {unknown}
 q - a potion of berserk rage {unknown}
 r - a potion of resistance {unknown}
 s - 2 potions of invisibility
 t - a potion of mutation {unknown}
 u - 2 potions of cancellation
 x - a potion of experience {unknown}


   Skills:
 + Level 9.3 Fighting
 - Level 13.3 Axes
 * Level 1.0(8.6) Maces & Flails
 + Level 2.4 Armour
 - Level 2.1 Dodging


You had 8 spell levels left.
You didn't know any spells.
Your spell library was empty.

Dungeon Overview and Level Annotations

Branches:
Dungeon (8/15)             Temple (1/1) D:6         Ossuary (visited)
   Lair: D:8-11

Altars:
Ashenzari
Cheibriados
Dithmenos
Elyvilon
Gozag
Hepliaklqana
Kikubaaqudgha
Makhleb
Nemelex Xobeh
Okawaru
Qazlal
Ru
Sif Muna
Trog
Uskayaw
Vehumet
Wu Jian
Xom
Yredelemnul
Zin
The Shining One

Shops:
D:1 =   D:5 (


Innate Abilities, Weirdness & Mutations

You have a pair of horns on your head.
You reflexively headbutt those who attack you in melee.


Message History

Done exploring.
Done exploring.
Done exploring.
There is an escape hatch in the floor here.
You slide downwards.
The hatch slams shut behind you.
Found 7 gold pieces.
The two-headed ogre hits you with a +1 dire flail of venom!
You are poisoned.
The two-headed ogre barely misses you.
A red film seems to cover your vision as you go berserk!
You feel yourself moving faster!
You feel mighty!
You feel very sick.
You hit the two-headed ogre. You headbutt the two-headed ogre!
The two-headed ogre is lightly wounded.
You feel sick.
The two-headed ogre hits you with a +1 dire flail of venom!!
You are more poisoned.
The two-headed ogre hits you with a +0 giant spiked club!
You barely miss the two-headed ogre.
The two-headed ogre is lightly wounded.
You feel extremely sick.
You barely miss the two-headed ogre.
The two-headed ogre is lightly wounded.
You feel very sick.
The two-headed ogre hits you with a +1 dire flail of venom!!
The two-headed ogre hits you with a +0 giant spiked club!!
* * * LOW HITPOINT WARNING * * *
Unknown command.
You barely miss the two-headed ogre.
The two-headed ogre is lightly wounded.
* * * LOW HITPOINT WARNING * * *
You feel very sick.
Your plate armour prevents you from hitting the two-headed ogre.
The two-headed ogre is lightly wounded.
* * * LOW HITPOINT WARNING * * *
You feel very sick.
The two-headed ogre hits you but does no damage.
You are more poisoned.
The two-headed ogre hits you with a +0 giant spiked club!
You die...

.### ...# ###
....# #..
..... # #.#
.....
#.##.##.$...
#......#
#....@.#
#.....O...#
.........##.#
..........# #
.....##.###
..... #..
..... ... ##
##


You could see a two-headed ogre.

Vanquished Creatures
  A wraith (D:6)
  A steam dragon (D:5)
  3 water moccasins
  2 ice beasts (D:6)
  An orc warrior (D:6)
  A necrophage (D:5)
  A centaur (D:6)
  2 ogres
  A bullfrog (D:7)
  4 scorpions
  2 wyvern zombies
  4 wights (D:7)
  An electric eel (D:7)
  3 jellies
  A centaur zombie (D:5)
  A human zombie (Ossuary)
  2 hounds
  7 orc priests
  A bullfrog skeleton (D:4)
  3 orc wizards
  An iguana (D:6)
  A killer bee zombie (D:6)
  3 hound skeletons
  4 mummies (Ossuary)
  Robin (D:2)
  9 adders
  4 gnolls (D:4)
  A white imp (D:6)
  An ufetubus (D:7)
  5 worms
  2 dart slugs
  21 orcs
  6 endoplasms
  A giant cockroach (D:4)
  A gnoll zombie (Ossuary)
  14 goblins
  16 hobgoblins
  5 jackals (D:3)
  3 quokkas
  9 ball pythons
  5 bats
  5 frilled lizards
  2 goblin zombies (Ossuary)
  A hobgoblin zombie (Ossuary)
  8 kobolds
  2 kobold zombies (Ossuary)
  An orc zombie (Ossuary)
  7 rats
181 creatures vanquished.

Vanquished Creatures (others)
  A fungus (D:2)
  12 plants
13 creatures vanquished.

Grand Total: 194 creatures vanquished

Notes
Turn   | Place    | Note
-------+----------+-------------------------------------------
     0 | D:1      | ytrimaz the Minotaur Berserker began the quest for the Orb.
     0 | D:1      | Reached XP level 1. HP: 19/19 MP: 0/0
   480 | D:1      | Reached skill level 4 in Axes
   539 | D:1      | Reached XP level 2. HP: 27/27 MP: 1/1
   751 | D:1      | Found Piaf's Jewellery Shoppe.
  1242 | D:2      | Reached ** piety under Trog
  1243 | D:2      | Reached XP level 3. HP: 25/34 MP: 2/2
  1246 | D:2      | Noticed Robin
  1258 | D:2      | Killed Robin
  1479 | D:2      | Reached skill level 5 in Axes
  1564 | D:2      | Reached XP level 4. HP: 41/41 MP: 3/3
  1591 | D:2      | Found a faded altar of an unknown god.
  1878 | D:2      | Noticed a scorpion
  1887 | D:2      | Killed a scorpion
  1888 | D:2      | Reached skill level 5 in Fighting
  1888 | D:2      | Reached XP level 5. HP: 20/48 MP: 4/4
  2298 | D:2      | Reached skill level 6 in Axes
  2607 | D:3      | Reached *** piety under Trog
  3522 | D:3      | Reached **** piety under Trog
  3523 | D:3      | Reached XP level 6. HP: 50/57 MP: 5/5
  3692 | D:4      | Reached skill level 7 in Axes
  4064 | D:4      | Found a broken altar of Ashenzari.
  4120 | D:4      | Reached skill level 8 in Axes
  4123 | D:4      | Reached XP level 7. HP: 59/63 MP: 6/6
  4796 | D:5      | Entered Level 5 of the Dungeon
  4829 | D:5      | Found a sand-covered staircase.
  4846 | Ossuary  | Entered an ossuary
  4870 | Ossuary  | Reached skill level 9 in Axes
  5226 | D:5      | Found Deimikh's Antique Weapon Boutique.
  5305 | D:5      | Found an iron altar of Okawaru.
  5305 | D:5      | Found a white marble altar of Elyvilon.
  5346 | D:5      | Noticed a steam dragon
  5361 | D:5      | Killed a steam dragon
  5362 | D:5      | Reached skill level 10 in Axes
  5362 | D:5      | Reached XP level 8. HP: 70/73 MP: 7/7
  6217 | D:5      | Upgraded the game from 0.28-a0-683-ga8797d1ae1 to
                  | 0.28-a0-687-gb91baff9cc
  6258 | D:6      | Reached skill level 11 in Axes
  6369 | D:6      | Reached ***** piety under Trog
  6670 | D:6      | Found a staircase to the Ecumenical Temple.
  7026 | D:6      | Reached skill level 12 in Axes
  7059 | D:6      | Reached XP level 9. HP: 43/82 MP: 8/8
  7716 | Temple   | Entered the Ecumenical Temple
  8108 | D:7      | Reached skill level 13 in Axes
  8664 | D:7      | Reached skill level 1 in Maces & Flails
  8985 | D:5      | Bought a shimmering morningstar for 252 gold pieces
  8985 | D:5      | Identified the +5 morningstar of Hacking and Slashing
                  | {flame, rC+ rN++ Int-5} (You bought it in a shop on level 5
                  | of the Dungeon)
  9067 | D:8      | Noticed a two-headed ogre
  9074 | D:8      | Slain by a two-headed ogre

Illustrated notes

Levels and vault maps discovered:
D:1:      matt_arrival_refuge, layout_rooms, serial_shops, shop,
          minmay_misc_feat_encased, minmay_statues_item, nrook_mini_vaults,
          minmay_misc_feat_alley, serial_bayou_lake_a
D:2:      layout_basic, shapermc_ecumenical_altar_mp_ritualfount,
          hangedman_decor_points, lexackson_kobold_supper, uniq_robin
D:3:      layout_basic, kennysheep_decorative_pillar
D:4:      layout_layer_cave, kennysheep_mini
D:5:      layout_cave_pods, gammafunk_temple_overflow_wave, serial_shops,
          nicolae_shop_statue_plus, lightli_ossuary_entry_decrepit_ruins
D:6:      layout_gridville, minmay_temple_entry_overgrown
D:7:      layout_basic, serial_bayou_ford_a
D:8:      layout_loops_ring
Temple:   eino_narrow_crystal_temple

Skill      XL: |  1  2  3  4  5  6  7  8  9 |
---------------+----------------------------+-----
Axes           | 4 5 6 8 10 12 13 | 13.3
Fighting       | 4 5 6 7 8 9 |  9.3
Maces & Flails | 1 |  1.0
Armour         | |  2.4
Dodging        | |  2.1

Action                   |  1- 3 |  4- 6 |  7- 9 || total
-------------------------+-------+-------+-------++-------
Melee: Hand axe          |    71 |   148 |   242 ||   461
       Headbutt          |    11 |    26 |    55 ||    92
       Morningstar       |       |       |     5 ||     5
Invok: Berserk           |     1 |     1 |     6 ||     8
       Trog's Hand       |       |       |     1 ||     1
  Use: Scroll            |     2 |     3 |     7 ||    12
Armor: Animal skin       |    15 |       |       ||    15
       Ring mail         |     2 |       |       ||     2
       Scale mail        |       |    59 |    61 ||   120
       Plate armour      |       |       |    61 ||    61
Dodge: Dodged            |    45 |    59 |    96 ||   200

Table legend: (Time is in decaauts)
 A = Elapsed time spent in this place.
 B = Non-inter-level travel time spent in this place.
 C = Inter-level travel time spent in this place.
 D = Time resting spent in this place.
 E = Time spent auto-exploring this place.
 F = Levels seen in this place.
 G = Mean time per level.
                   A        B        C        D        E       F      G
               +--------+--------+--------+--------+--------+-----+--------+
         Total |   9138 |   8721 |    417 |   1229 |   5924 |  10 |  913.8 |
       Dungeon |   8732 |   8328 |    404 |   1229 |   5757 |   8 | 1091.5 |
        Temple |    191 |    178 |     13 |      0 |    167 |   1 |  191.0 |
       Ossuary |    213 |    213 |      0 |      0 |      0 |   1 |  213.0 |
               +--------+--------+--------+--------+--------+-----+--------+

Top non-repeatable levels by time:
     D:6: 1537 daAuts
     D:1: 1413 daAuts
     D:5: 1294 daAuts
     D:2: 1245 daAuts
     D:4: 1126 daAuts
     D:3: 1073 daAuts
     D:7: 1036 daAuts
 Ossuary: 213 daAuts
  Temple: 191 daAuts
     D:8: 5 daAuts
